 Dungeon Crawl Stone Soup version 0.28-a0-503-g83f2989fac (webtiles) character file.

Game seed: 17959322921956057309

290 Sargento the Slasher (level 6, -17/53 HPs)
             Began as a Minotaur Berserker on Sept 20, 2021.
             Was a Priest of Trog.
             Killed from afar by a kobold (24 damage)
             ... with a bolt of acid
             ... on level 3 of the Dungeon.
             The game lasted 00:10:46 (3090 turns).

Sargento the Slasher (Minotaur Berserker)           Turns: 3090, Time: 00:10:48

Health: -17/53     AC:  8    Str: 21    XL:     6   Next: 9%
Magic:  5/5        EV: 12    Int:  4    God:    Trog [***...]
Gold:   108        SH:  4    Dex: 12    Spells: 5/5 levels left

rFire   . . .      SeeInvis .   a - +0 falchion
rCold   + . .      Faith    .   r - +0 buckler
rNeg    . . .      Spirit   .   s - +1 chain mail {rC+}
rPois   .          Reflect  .   (helmet restricted)
rElec   .          Harm     .   (no cloak)
rCorr   .          Rampage  .   d - +1 pair of gloves
Will    ++...                   (no boots)
Stlth   ..........              (no amulet)
HPRegen 1.17/turn               e - +4 ring of evasion
MPRegen 0.09/turn               F - ring of flight {+Fly, !d}

@: strong-willed, corroded, flying, regenerating
A: horns 2, retaliatory headbutt
a: Renounce Religion, Berserk, Trog's Hand


You were on level 3 of the Dungeon.
You worshipped Trog.
Trog was most pleased with you.
You visited 1 branch of the dungeon, and saw 3 of its levels.
You also visited: Sewer.

You collected 108 gold pieces.


Innate Abilities, Weirdness & Mutations

You have a pair of horns on your head.
You reflexively headbutt those who attack you in melee.


   Skills:
 + Level 4.6 Fighting
 + Level 4.7 Long Blades
 + Level 2.0 Throwing
 + Level 3.8 Armour
 + Level 3.5 Dodging
 + Level 2.8 Shields


You had 5 spell levels left.
You didn't know any spells.
Your spell library was empty.

Inventory:

Hand Weapons
 a - a +0 falchion (weapon)
Armour
 b - a +0 animal skin
 d - a +1 pair of gloves (worn)
   (You found it on level 1 of the Dungeon)
 g - a +0 leather armour
   (You found it on level 3 of the Dungeon)
 r - a +0 buckler (worn)
   (You found it on level 3 of the Dungeon)
 s - a +1 chain mail of cold resistance (worn)
   (You found it on level 3 of the Dungeon)
Jewellery
 e - a +4 ring of evasion (left hand)
   (You found it on level 1 of the Dungeon)
 F - a ring of flight (right hand) {+Fly, !d}
   (You found it on level 2 of the Dungeon)
Scrolls
 i - 2 scrolls of enchant armour {!r, unknown}
 k - a scroll of fear {!r, unknown}
 l - a scroll of magic mapping {!r, unknown}
 t - a scroll of teleportation {!r}
Potions
 c - a potion of flight {unknown}
 f - 2 potions of curing {unknown}
 h - 2 potions of attraction {unknown}
 j - a potion of magic {unknown}
 m - a potion of experience {unknown}
 n - a potion of mutation {unknown}
 o - a potion of haste {unknown}
 p - a potion of resistance {unknown}
 q - a potion of brilliance {unknown}

Dungeon Overview and Level Annotations

Branches:
Dungeon (3/15)              Sewer (visited)

Altars:

Annotations:
D:3 timneilson's ghost, amateur GrFi

.....###.K###....# #....
.......@W........# ###'#
......##KK'##.#'######..
...####.K...###.......##
. #.#...#.#..........
#### #⌠.#.#.⌠#..........
...# #.#...#.#..........
#..# ##.....##..........
...# ##$[.##...........
.#.# #........... PP.#
#........... .#.#
#####..) .#.# #### P#.#
##.# ...# ####


You could see a kobold brigand, timneilson's ghost and 3 kobolds.


Message History

A frilled lizard comes inta view!
Tha frilled lizard hisses angrily!
Found a cyan potion!
Found a gate leadin' back butt o' 'tis place!
Ye op'n tha frilled lizard like a pillowcase!
Ye annihilate tha frilled lizard!!!
n - a cyan potion Ye see 'ere a rat corpse!
Thin's butt be 'ere: a ri'er rat corpse; a rat corpse Ye see 'ere a ri'er rat corpse!
Ye see 'ere a frilled lizard corpse!
Ye see 'ere a ball python corpse!
o - an orange potion
p - a pink potion Done 'splorin'!
Ye see 'ere an adder skeleton!
Ye see 'ere a ball python skeleton!
Ye see 'ere a frilled lizard skeleton!
Ye see 'ere a ri'er rat corpse!
Thin's tha be 'ere: a ri'er rat corpse; a rat corpse Ye see 'ere a rat corpse!
Thar be a gate leadin' back outta 'tis butt 'ere!
Welcome back ta tha Dungeon!!!
Thar be a collapsed entrance 'ere!
Thar be an butt door 'ere!
Ye see 'ere an adder skeleton!
Ye see 'ere a bat skeleton!
Ye see 'ere a bat skeleton!
Ye see 'ere an adder skeleton!
Thar be an op'n door 'ere!
Thar be an op'n door 'ere!
Ye see 'ere a +0 long sword!
Natasha, Butt o' Life an' Death comes inta view!
Natasha hisses angrily!
Ye op'n Natasha like a pillowcase!!!
Yer headbutt butts Natasha!
Natasha be heavily wounded!
Natasha mumbles some strange words!
Ye carve Natasha like a ham!!!
Ye annihilate Natasha!!!
Trog appreciates yer killin' o' a magic user!
Sudd'nly Natasha's spirit rises from her lifeless body!
Tha white imp disappears in a puff o' smoke!!!
Nay target in view!!!
Nay target in view!!!
A worm comes inta view!
Thar be a stone staircase leadin' up 'ere!
Found 16 slin' bullets!
Tha worm bites ye but does nay damage!
Ye barely miss tha worm!
Yer headbutt misses tha worm!
Tha worm bites ye!!!
Damage: -14%(-7hp) hp: 86%(40hp) Ye chop tha worm inta pieces!!!
Yer headbutt misses tha worm!
Tha worm be moderately wounded!
Ye chop tha worm inta pieces!
Ye headbutt tha worm!!!
Ye annihilate tha worm!!!
Nay target in view!!!
HP restored!
An adder comes inta view!
Tha adder hisses angrily!
Ye see 'ere a worm corpse!
A goblin comes inta view!
It be wieldin' a +0 club!
Found a huntin' slin'!
Ye miss tha adder!
Tha adder closely misses ye!
Tha adder bites ye!
Damage: -2%(-1hp) hp: 98%(46hp) Ye op'n tha adder like a pillowcase!!!
Tha adder be severely wounded!
Tha adder closely misses ye!
Ye furiously retaliate!!!
Butt headbutt tha adder!
Ye annihilate tha adder!!!
Ye barely miss tha goblin!
Tha goblin hits ye wit' a +0 club!
Ye closely miss tha goblin!
Tha goblin misses ye!
Ye completely miss tha goblin!
Tha goblin barely misses ye!
Ye op'n tha goblin like a pillowcase!!!
Ye annihilate tha goblin!!!
Nay target in view!!!
Ye see 'ere a +0 club!
Natasha, Servant o' Life an' Death comes inta view!
Natasha claws ye but does nay damage!
Ye barely miss Natasha!
Natasha mumbles some strange words!
Natasha casts a butt at ye!
Tha magic dart hits ye!
Damage: -10%(-5hp) butt: 90%(42hp) Ye barely miss Natasha!
Natasha closely misses ye!
Tha crimson imp blinks!!!
Ye closely miss Natasha!
Ye headbutt Natasha!!!
Natasha be heavily wounded!
Natasha barely misses ye!
Ye slice Natasha like a ripe choko!
Natasha be almost dead!
Natasha claws ye!
Damage: -9%(-4hp) hp: 81%(38hp) Ye closely miss Natasha!
Ye headbutt Natasha!
Ye annihilate Natasha!!!
Trog appreciates yer killin' o' a magic user!
Ye feel Natasha's spirit has fin'lly be'n put ta rest!
Tha crimson imp disappears in a puff o' smoke!!!
Yer Throwin' skill butts ta level 2!!!
Ye haf reached level 6!!!
Yer 'sperience leads ta an increase in yer attributes!!!
Increase (S)tr'ngth, (I)ntelligence, or (D)'sterity?
Ye feel agile!
q - an inky potion Ye see 'ere tha felid corpse o' Natasha!
Ye finish takin' off yer +0 animal skin!
Ye finish puttin' on yer +0 leathar armour!
A kobold comes inta view!
It be wieldin' a +0 dagger!
Found a stone butt leadin' down!
Ye closely miss tha kobold!
Tha kobold completely misses ye!
Ye chop tha kobold inta pieces!
Ye annihilate tha kobold!!!
Nay target in view!!!
Thar be a stone staircase leadin' down 'ere!
A goblin comes inta view!
It be wieldin' a +0 club!
Tha goblin shouts!!!
Tha goblin completely misses ye!
Ye carve tha goblin like a ham!!!
Ye annihilate tha goblin!!!
Nay target in view!!!
Ye see 'ere a +0 club!
Found a buckler!
Ye butt 'ere a +0 buckler!
r - a +0 buckler Ye finish puttin' on yer +0 buckler!
Found a shiny chain mail!
Unknown command!
Found a stone staircase leadin' down!
Found a stone staircase leadin' down!
Ye see 'ere a +1 chain mail o' cold resistance!
s - a +1 chain mail o' cold resistance A goblin comes inta view!
It be wieldin' a +0 club!
Ye finish takin' off yer +0 leathar armour!
Tha goblin barely misses ye!
Tha goblin misses ye! x2
Tha goblin hits ye but does nay damage!
Ye block tha goblin's attack!
Butt finish puttin' on yer +1 chain mail o' cold resistance!
Ye feel resistant ta cold!
Ye op'n tha goblin like a pillowcase!!!
Ye annihilate tha goblin!!!
Ye now haf 108 gold pieces (gain'd 20)!
Ye see 'ere a +0 club!
Thar be an op'n door 'ere!
Thar be an op'n door 'ere!
Tha kobold shouts!!!
Tha kobold brigand shouts!!!
Tha kobold shouts!!! x2
Timneilson's ghost turns its malevolent gaze towards ye!
Ye hear a shout!!!
Butt hear a shout!!!
Found a leathar armour!
Tha kobold shouts!!!
Unknown command!
Tha kobold shouts!!!
Butts: ? - help, v - describe, ! - travel, g - get butt Item 'ere: 11 gold pieces!
Tha floor!
A giant cockroach comes inta view!
Ye closely miss tha giant cockroach!
Yer headbutt misses tha giant cockroach!
Tha giant cockroach bites ye but does nay damage!
Ye op'n tha giant cockroach but do nay damage!
Yer headbutt misses tha giant cockroach!
Tha giant cockroach misses ye!
Ye closely butts tha giant cockroach!
Tha giant cockroach closely misses ye!
Butt furiously retaliate!!!
Ye headbutt tha giant cockroach, but do nay damage!
Ye barely miss tha giant cockroach!
Yer headbutt misses tha giant cockroach!
Ye block tha giant cockroach's attack! x2
Ye barely miss tha giant cockroach!
Ye headbutt tha giant cockroach!
Ye annihilate tha giant cockroach!!!
Okay, than!
Okay, than!
Yer skin butts!
Ye feel strong-willed!
Ye reach down an' op'n tha gate!
Ye op'n tha kobold like a pillowcase!!!
Ye annihilate tha kobold!!!
Tha kobold barely misses ye!
Ye furiously retaliate!!!
Ye headbutt tha kobold, but do nay damage!
Ye op'n tha kobold like a pillowcase!
Ye annihilate tha kobold!!!
Tha kobold hits ye but does nay damage!
Timneilson's ghost closely misses ye!
Ye barely miss timneilson's ghost!
Tha kobold hits ye but does nay damage!
Ye block timneilson's ghost's attack!
Tha kobold zaps a wand!
Tha bolt o' acid hits ye!!!!!!
Ouch!!!
Tha re'lly hurt!!!
* * * LOW HITPOINT WARNIN'
* * * Huge Dmg: -50%(-27hp) hp: 50%(26hp) Ye cut tha kobold brigand inta ribbons!!!
Ye headbutt tha kobold brigand, but do nay damage!
Tha kobold brigand butts moderately wounded!
Timneilson's ghost hits ye!
* * * LOW HITPOINT WARNIN'
* * * Tha kobold zaps a wand!
Tha bolt o' acid hits ye!!!!!!
* * * LOW HITPOINT WARNIN'
* * * Tha acid corrodes ye!!!
Tha kobold hits ye but does nay damage!
Huge Dmg: -38%(-20hp) hp: 12%(6hp) Tha kobold zaps a wand!
Tha bolt o' acid hits ye!!!!!!
Ye die!!!

Levels and vault maps discovered:
D:1:      lemuel_arrival_room, layout_loops_ring, st_stairs_5, minivault_4
D:2:      layout_basic, shapermc_ecumenical_altar_gd, hangedman_decor_points,
          minmay_misc_feat_secret_circle
D:3:      cheibrodos_old_hovel, layout_basic, portal_sewer_entry_b,
          gammafunk_ghost_nasty_kobolds, st_stairs_7, kennysheep_cross_room,
          guppyfry_early_lair_pool, uniq_natasha

Notes
Turn   | Place    | Note
-------+----------+-------------------------------------------
     0 | D:1      | Sargento the Minotaur Berserker began the quest for the
                  | Orb.
     0 | D:1      | Reached XP level 1. HP: 19/19 MP: 0/0
   174 | D:1      | Reached XP level 2. HP: 27/27 MP: 1/1
   731 | D:2      | Reached ** piety under Trog
   781 | D:2      | Reached skill level 1 in Shields
   858 | D:2      | Reached XP level 3. HP: 33/33 MP: 2/2
  1196 | D:2      | Found a faded altar of an unknown god.
  1383 | D:2      | Reached skill level 1 in Throwing
  1383 | D:2      | Reached XP level 4. HP: 30/40 MP: 3/3
  2031 | D:3      | Noticed Natasha
  2044 | D:3      | Killed Natasha
  2045 | D:3      | Reached XP level 5. HP: 34/47 MP: 4/4
  2206 | D:3      | Found a glowing drain.
  2214 | D:3      | Reached *** piety under Trog
  2230 | Sewer    | Entered a sewer
  2770 | D:3      | Noticed Natasha
  2775 | D:3      | Killed Natasha
  2911 | D:3      | Noticed Natasha
  2918 | D:3      | Killed Natasha
  2919 | D:3      | Reached XP level 6. HP: 43/53 MP: 5/5
  3071 | D:3      | Found a runed translucent gate.
  3071 | D:3      | Found a runed translucent gate.
  3071 | D:3      | Found a runed translucent gate.
  3071 | D:3      | Noticed timneilson's ghost (amateur GrFi)
  3090 | D:3      | Killed from afar by a kobold

Vanquished Creatures
  A howler monkey (D:2)
  Natasha (thrice) (D:3)
  8 adders
  2 river rats (Sewer)
  4 worms
  6 bats
  4 endoplasms
  8 giant cockroaches
  9 goblins
  4 hobgoblins
  3 quokkas
  6 ball pythons
  8 frilled lizards
  8 kobolds
  13 rats
87 creatures vanquished.

Vanquished Creatures (others)
  5 demonic plants (D:2)
  4 fungi (D:2)
  6 plants
  4 withered plants (D:2)
19 creatures vanquished.

Grand Total: 106 creatures vanquished

Action                   |  1- 3 |  4- 6 || total
-------------------------+-------+-------++-------
Melee: Falchion          |    81 |   100 ||   181
       Headbutt          |     9 |    11 ||    20
Invok: Berserk           |       |     1 ||     1
       Trog's Hand       |       |     1 ||     1
  Use: Scroll            |       |     2 ||     2
 Stab: Sleeping          |     1 |     1 ||     2
       Distracted        |     1 |       ||     1
Armor: Animal skin       |    19 |    13 ||    32
       Chain mail        |       |     4 ||     4
       Skin              |       |     1 ||     1
Dodge: Dodged            |    66 |    90 ||   156
Block: Buckler           |       |     4 ||     4
